Map: Rooftop Terrace

Players

jarper

  • Race: Protoss Protoss
  • League: Bronze
  • Spawn Location: 7:00

NobleShoot

  • Race: Protoss Protoss
  • League: Bronze
  • Spawn Location: 5:00

Sephiroth

  • Race: Terran Terran
  • Spawn Location: 6:00

ButterMyButt

  • Race: Protoss Protoss
  • Spawn Location: 6:00

Jeyblock

  • Race: Terran Terran
  • Spawn Location: 12:00

Thierry

  • Race: Terran Terran
  • Spawn Location: 12:00

Infamous

  • Race: Protoss Protoss
  • League: Silver
  • Spawn Location: 1:00

Gyver

  • Race: Terran Terran
  • League: Silver
  • Spawn Location: 11:00

VOD

Have the link to the VOD?

Description

Time

  • Played on: April 10, 2018, 11:19 a.m.
  • Length: 31:49
Show
View Real Time Build Order
Export as new Build Order

jarper Protoss 

Build Orders:  

Get SALT Encoding   

  12  0:02  Probe (Chrono Boost)  
  13  0:11  Probe (Chrono Boost)  
  14  0:16  Probe (Chrono Boost)  
  15  0:29  Pylon  
  15  0:33  Assimilator  
  15  0:37  Assimilator  
  15  0:55  Gateway  
  15  0:58  Probe (Chrono Boost)  
  16  1:09  Probe (Chrono Boost)  
  17  1:14  Probe (Chrono Boost)  
  18  1:24  Probe  
  19  1:36  Probe  
  20  1:44  Cybernetics Core  
  20  1:48  Probe  
  21  2:42  Nexus  
  21  2:58  Stargate  
  21  3:02  Stargate  
  21  3:08  Pylon  
  21  3:16  Forge  
  21  3:27  Probe (Chrono Boost)  
  22  3:36  Protoss Air Weapons Level 1  
  22  3:37  Probe (Chrono Boost)  
  23  3:42  Probe (Chrono Boost), Void Ray  
  28  3:53  Probe, Void Ray  
  33  3:57  Photon Cannon  
  33  4:01  Pylon  
  33  4:10  Probe (Chrono Boost)  
  34  4:20  Probe (Chrono Boost)  
  35  4:25  Probe (Chrono Boost), Pylon  
  35  4:31  Assimilator  
  36  4:36  Protoss Shields Level 1, Probe  
  37  4:38  Void Ray  
  41  4:48  Probe  
  42  5:03  Probe (Chrono Boost)  
  43  5:10  Assimilator  
  43  5:13  Probe (Chrono Boost)  
  44  5:15  Pylon  
  44  5:17  Probe (Chrono Boost)  
  44  5:20  Photon Cannon  
  45  5:25  Photon Cannon  
  45  5:29  Probe  
  46  5:36  Photon Cannon  
  46  5:39  Photon Cannon  
  46  5:41  Probe  
  47  5:50  Void Ray (Chrono Boost)  
  47  5:53  Probe  
  47  5:57  Protoss Air Armor Level 1  
  52  6:03  Probe (Chrono Boost)  
  54  6:11  Probe (Chrono Boost)  
  54  6:14  Probe (Chrono Boost), Void Ray (Chrono Boost)  
  59  6:18  Probe (Chrono Boost)  
  60  6:30  Void Ray (Chrono Boost)  
  64  6:53  Pylon  
  68  6:58  Pylon  
  68  7:05  Pylon  
  68  7:08  Void Ray (Chrono Boost)  
  68  7:25  Void Ray (Chrono Boost)  
  72  7:39  Fleet Beacon  
  72  7:44  Void Ray  
  72  7:46  Robotics Facility  
  72  7:50  Twilight Council  
  76  8:05  Void Ray  
  76  8:09  Nexus  
  80  8:27  Void Ray  
  80  8:31  Protoss Shields Level 2  
  84  8:34  Observer  
  85  8:47  Protoss Air Weapons Level 2  
  85  8:48  Void Ray  
  89  8:56  Observer  
  90  9:03  Pylon  
  90  9:07  Pylon  
  90  9:12  Assimilator  
  90  9:16  Pylon  
  90  9:19  Assimilator  
  90  9:22  Probe (Chrono Boost)  
  91  9:31  Probe (Chrono Boost)  
  93  9:33  Probe (Chrono Boost)  
  93  9:35  Photon Cannon  
  94  9:38  Probe (Chrono Boost)  
  94  9:40  Probe (Chrono Boost), Photon Cannon  
  94  9:43  Probe (Chrono Boost)  
  94  9:44  Photon Cannon  
  96  9:48  Probe  
  96  9:52  Photon Cannon  
  97  9:55  Probe  
  98  10:01  Probe  
  100  10:07  Probe  
  100  10:19  Probe, Void Ray x2  
  109  10:26  Observer  
  110  10:31  Probe  
  110  10:32  Pylon  
  111  10:37  Stargate  
  111  10:40  Stargate  
  111  10:43  Probe  
  111  10:48  Observer  
  113  10:54  Stargate  
  113  11:02  Protoss Air Armor Level 2  
  113  11:07  Pylon  
  113  11:11  Pylon  
  113  11:14  Pylon  
  113  11:19  Observer  
  113  11:20  Void Ray  
  113  11:21  Void Ray  
  121  11:46  Photon Cannon  
  57  12:19  Void Ray  
  57  12:20  Void Ray x4  
  71  13:02  Void Ray x2  
  71  13:03  Void Ray  
  83  13:18  Protoss Air Weapons Level 3  
  83  13:37  Nexus  
  83  13:44  Void Ray  
  83  13:45  Void Ray  
  91  13:49  Void Ray  
  95  14:07  Void Ray  
  99  14:21  Probe (Chrono Boost)  
  101  14:32  Probe (Chrono Boost)  
  101  14:34  Void Ray  
  101  14:37  Probe (Chrono Boost)  
  105  14:40  Void Ray  
  110  14:51  Probe (Chrono Boost)  
  112  14:52  Probe (Chrono Boost)  
  112  15:03  Probe (Chrono Boost)  
  112  15:04  Probe (Chrono Boost)  
  114  15:07  Probe (Chrono Boost)  
  114  15:09  Photon Cannon  
  114  15:10  Photon Cannon  
  115  15:16  Pylon  
  115  15:25  Void Ray  
  119  15:32  Void Ray  
  123  15:46  Probe  
  124  15:56  Void Ray  
  128  15:59  Probe  
  128  16:03  Void Ray  
  133  16:16  Probe (Chrono Boost)  
  135  16:27  Probe (Chrono Boost)  
  135  16:31  Probe (Chrono Boost)  
  136  16:43  Probe  
  113  16:55  Probe  
  110  17:12  Void Ray x4  
  126  17:27  Protoss Shields Level 3  
  126  17:30  Protoss Air Armor Level 3  
  126  17:36  Void Ray  
  130  17:54  Mothership  
  138  18:23  Void Ray x3  
  150  18:30  Void Ray  
  150  20:04  Void Ray, Protoss Ground Weapons Level 1  
  154  20:21  Pylon  
  154  20:22  Pylon  
  154  20:26  Pylon  
  154  20:29  Pylon  
  154  20:31  Pylon  
  154  20:38  Photon Cannon  
  154  20:39  Void Ray x4  
  154  20:41  Photon Cannon  
  170  20:49  Photon Cannon, Void Ray  
  174  21:21  Void Ray  
  77  21:47  Void Ray x2  
  85  22:09  Void Ray  
  89  22:36  Void Ray  
  93  22:43  Zealot  
  77  23:10  Zealot  
  79  23:37  Zealot  
  81  24:04  Zealot  
  83  24:31  Zealot  
  73  24:58  Zealot  
  47  25:26  Zealot (Chrono Boost)  
  49  25:49  Sentry (Chrono Boost)  
  51  25:58  Nexus  
  51  26:07  Photon Cannon  
  51  26:09  Stalker  
  53  26:11  Photon Cannon  
  53  26:12  Photon Cannon  
  53  26:39  Stalker  
  55  27:01  Gateway  
  55  27:06  Gateway  
  55  27:09  Stalker  
  55  27:11  Gateway  
  55  27:12  Gateway  
  57  27:51  Stalker (Chrono Boost)  
  57  27:54  Stalker (Chrono Boost)  
  57  27:58  Blink  
  61  28:07  Stalker (Chrono Boost)  
  61  28:08  Stalker (Chrono Boost)  
  61  28:11  Zealot (Chrono Boost)  
  67  28:18  Stalker (Chrono Boost)  
  67  28:26  Stalker (Chrono Boost)  
  71  28:28  Zealot (Chrono Boost)  
  71  28:29  Zealot x2 (Chrono Boost)  
  77  28:41  Zealot  
  79  28:51  Zealot  
  79  28:53  Zealot  
  79  28:55  Zealot x2  
  87  29:08  Zealot  
  89  29:19  Zealot  
  89  29:21  Zealot  
  89  29:22  Stalker x2  
  97  29:35  Stalker  
  99  29:46  Stalker  
  99  29:48  Stalker  
  99  29:52  Sentry  
  105  29:59  Charge  
Show
View Real Time Build Order
Export as new Build Order

NobleShoot Protoss 

Build Orders:  

Get SALT Encoding   

  12  0:01  Probe  
  13  0:14  Probe  
  14  0:24  Pylon  
  14  0:26  Probe  
  15  0:42  Probe (Chrono Boost)  
  16  0:45  Forge  
  16  0:54  Probe (Chrono Boost)  
  17  1:00  Probe (Chrono Boost)  
  17  1:01  Gateway  
  18  1:06  Assimilator  
  18  1:08  Probe (Chrono Boost)  
  19  1:23  Probe (Chrono Boost)  
  19  1:25  Photon Cannon  
  20  1:34  Probe  
  21  1:44  Pylon  
  21  1:46  Probe  
  22  1:49  Pylon  
  22  1:58  Probe  
  23  2:02  Zealot (Chrono Boost)  
  23  2:05  Cybernetics Core  
  25  2:10  Probe  
  25  2:14  Photon Cannon  
  26  2:16  Assimilator  
  26  2:23  Probe  
  26  2:29  Zealot (Chrono Boost)  
  27  2:35  Probe  
  30  2:47  Probe  
  31  2:59  Probe  
  31  3:00  Nexus  
  32  3:08  Pylon  
  32  3:11  Probe (Chrono Boost)  
  33  3:18  Stalker  
  35  3:22  Probe (Chrono Boost)  
  36  3:30  Gateway  
  36  3:38  Gateway  
  36  3:47  Pylon  
  36  3:51  Pylon  
  36  3:53  Probe  
  37  4:05  Probe  
  38  4:14  Assimilator  
  38  4:17  Probe, Assimilator  
  39  4:27  Photon Cannon  
  39  4:31  Pylon  
  39  4:36  Probe (Chrono Boost)  
  39  4:37  Pylon  
  41  4:46  Probe (Chrono Boost)  
  41  4:48  Probe (Chrono Boost)  
  42  4:55  Probe (Chrono Boost), Twilight Council  
  42  4:56  Probe (Chrono Boost)  
  42  4:59  Probe (Chrono Boost), Stalker (Chrono Boost)  
  51  5:08  Probe  
  51  5:10  Sentry (Chrono Boost)  
  51  5:13  Stalker (Chrono Boost)  
  52  5:16  Probe  
  53  5:21  Protoss Shields Level 1  
  53  5:27  Probe  
  54  5:39  Probe  
  54  5:42  Templar Archives  
  55  5:46  Dark Shrine  
  55  5:51  Probe  
  55  5:52  Gateway  
  55  5:55  Gateway  
  56  6:02  Stalker x2  
  56  6:03  Stalker  
  62  6:07  Probe  
  63  6:19  Probe  
  64  6:31  Probe  
  65  6:43  Nexus  
  65  6:49  Probe (Chrono Boost)  
  66  6:58  Gateway  
  66  7:00  Probe (Chrono Boost), Gateway  
  67  7:03  Gateway  
  67  7:05  Probe (Chrono Boost)  
  68  7:09  Pylon  
  68  7:16  Probe, High Templar  
  68  7:17  High Templar x3  
  77  7:26  Pylon  
  77  7:28  Probe  
  78  7:32  Photon Cannon  
  78  7:53  Assimilator  
  78  7:57  Assimilator  
  78  8:05  Pylon  
  78  8:08  Pylon  
  78  8:10  Pylon  
  78  8:13  Pylon  
  78  8:15  Pylon  
  78  8:16  High Templar x4  
  78  8:17  High Templar  
  88  8:44  High Templar (Chrono Boost)  
  88  8:45  Zealot  
  88  8:46  High Templar (Chrono Boost)  
  94  8:55  Zealot (Chrono Boost)  
  100  8:56  Zealot (Chrono Boost)  
  100  8:57  Zealot (Chrono Boost)  
  100  8:58  Zealot x2 (Chrono Boost)  
  100  8:59  Photon Cannon  
  100  9:01  Photon Cannon  
  104  9:03  Photon Cannon  
  104  9:05  Photon Cannon, Psionic Storm  
  104  9:08  Photon Cannon  
  104  9:11  Photon Cannon, Charge  
  106  9:19  Zealot x2 (Chrono Boost)  
  106  9:21  High Templar (Chrono Boost)  
  106  9:24  Zealot (Chrono Boost)  
  118  9:27  Zealot (Chrono Boost), High Templar (Chrono Boost)  
  118  9:28  High Templar (Chrono Boost)  
  118  10:11  Dark Templar  
  118  10:12  High Templar x3  
  118  10:13  High Templar  
  128  10:43  Gateway  
  128  10:45  High Templar  
  128  10:46  High Templar x2  
  134  10:51  High Templar  
  136  10:59  High Templar  
  138  11:04  High Templar  
  138  11:07  Nexus  
  140  11:13  Assimilator  
  140  11:16  Assimilator  
  140  11:58  Pylon  
  140  12:00  Pylon  
  140  12:07  Gateway  
  140  12:20  Pylon  
  140  12:23  Pylon  
  140  12:26  Pylon  
  61  13:27  High Templar (Chrono Boost)  
  61  13:28  High Templar (Chrono Boost)  
  61  13:29  High Templar (Chrono Boost)  
  61  13:30  High Templar (Chrono Boost)  
  81  13:37  High Templar x2 (Chrono Boost)  
  81  13:38  High Templar x4 (Chrono Boost)  
  81  13:54  Photon Cannon  
  81  13:57  Photon Cannon  
  81  13:59  Photon Cannon, High Templar x4  
  81  14:01  Photon Cannon  
  89  14:04  Photon Cannon  
  89  14:09  Shield Battery, Zealot, High Templar (Chrono Boost)  
  95  14:10  Zealot x3  
  95  14:13  High Templar (Chrono Boost)  
  99  14:21  Photon Cannon  
  99  14:26  Pylon  
  99  14:37  Zealot (Chrono Boost)  
  113  14:38  Zealot x2 (Chrono Boost)  
  113  14:40  Protoss Shields Level 2  
  113  14:45  Zealot x2 (Chrono Boost)  
  115  14:46  Zealot x2 (Chrono Boost)  
  115  14:47  Zealot (Chrono Boost)  
  115  14:48  Zealot (Chrono Boost)  
  119  14:56  Zealot (Chrono Boost)  
  125  15:01  Zealot (Chrono Boost)  
  125  15:02  Zealot x3 (Chrono Boost)  
  125  15:03  High Templar x2 (Chrono Boost)  
  131  15:09  Zealot x3 (Chrono Boost)  
  129  15:16  High Templar  
  131  15:21  High Templar  
  131  15:27  High Templar  
  131  15:28  High Templar x2  
  139  15:31  High Templar x3  
  119  16:17  Probe  
  110  16:29  Probe (Chrono Boost)  
  111  16:41  Probe (Chrono Boost)  
  112  16:49  Probe (Chrono Boost), Nexus  
  113  16:55  Probe  
  113  16:56  Protoss Ground Armor Level 1  
  114  17:02  High Templar x2  
  114  17:03  High Templar x6  
  114  17:07  Pylon  
  130  17:09  Pylon  
  130  17:12  Pylon  
  130  17:14  Pylon  
  130  17:18  Pylon  
  130  17:21  Pylon  
  130  17:27  Pylon  
  130  17:30  Photon Cannon  
  130  17:34  Photon Cannon, High Templar  
  132  17:40  Photon Cannon  
  132  17:42  High Templar  
  132  17:43  Photon Cannon  
  134  17:45  Photon Cannon  
  134  17:47  Photon Cannon  
  134  17:53  High Templar  
  138  17:58  High Templar  
  138  18:21  Assimilator  
  138  18:27  Probe (Chrono Boost)  
  139  18:39  Probe (Chrono Boost)  
  140  18:42  Pylon  
  140  18:44  Probe (Chrono Boost)  
  140  18:46  Pylon  
  141  18:50  Pylon, Protoss Ground Weapons Level 1  
  141  18:52  Dark Templar, High Templar x2  
  141  18:53  Probe, High Templar  
  148  19:05  Probe, High Templar  
  149  19:32  High Templar x2  
  149  19:33  High Templar  
  149  19:36  Zealot  
  149  19:37  Zealot x3  
  149  19:38  Zealot x2  
  167  19:44  Zealot  
  169  19:57  Probe  
  170  20:04  Zealot x3  
  170  20:05  Zealot x3  
  170  20:06  Pylon  
  182  20:09  Probe  
  182  20:11  Zealot  
  85  20:48  Archon  
  81  20:50  Archon  
  81  20:54  High Templar x3  
  81  20:55  High Templar x5  
  89  20:57  Zealot  
  89  20:58  Zealot  
  89  21:24  Stalker  
  48  22:01  Archon x4  
  48  22:08  Dark Templar  
  48  22:09  High Templar x4  
  58  22:48  High Templar x3  
  64  22:54  Zealot x4  
  64  22:55  Zealot x3  
  78  23:21  Zealot x4  
  78  23:22  Zealot x3  
  92  23:27  Zealot  
  48  24:22  High Templar x2 (Chrono Boost)  
  43  24:29  High Templar x4 (Chrono Boost)  
  43  24:30  High Templar (Chrono Boost)  
  37  24:50  Protoss Ground Armor Level 2  
  37  25:18  High Templar  
  39  25:22  Probe (Chrono Boost)  
  40  25:34  Probe (Chrono Boost)  
  41  25:39  Probe (Chrono Boost)  
  43  25:42  Probe (Chrono Boost)  
  43  25:47  Probe (Chrono Boost)  
  45  25:51  Probe (Chrono Boost)  
  45  25:52  Probe (Chrono Boost)  
  46  26:01  Probe  
  46  26:03  Probe  
  48  26:08  High Templar x3  
  54  26:15  Probe  
  55  26:50  High Templar  
  55  26:53  Stalker x2  
  61  27:06  Protoss Ground Weapons Level 2  
  61  27:07  Stalker  
  63  27:48  High Templar  
  45  28:42  High Templar  
  45  28:43  High Templar  
  45  28:45  Stalker x2  
  45  28:46  Stalker  
  51  29:02  Pylon  
  51  29:15  Pylon  
  51  29:18  Pylon  
  51  29:29  Pylon  
  51  29:32  Pylon  
  51  29:40  Photon Cannon  
  51  29:42  Photon Cannon  
  51  29:44  Photon Cannon  
  51  29:51  Photon Cannon  
  51  29:57  Shield Battery  
  51  30:02  Photon Cannon  
  51  30:05  Photon Cannon  
  49  30:40  Photon Cannon  
  49  30:45  Pylon  
  49  30:51  Pylon  
  49  30:55  Pylon  
  49  30:59  Pylon  
  49  31:06  Pylon  
  49  31:15  Nexus  
  49  31:20  Assimilator  
  49  31:26  Assimilator  
Show
View Real Time Build Order
Export as new Build Order

Sephiroth Terran 

Build Orders:  

Get SALT Encoding   

  12  1:39  SCV  
  13  1:51  Supply Depot, SCV  
  14  1:57  Command Center  
  14  2:00  Refinery  
  14  2:03  SCV, Engineering Bay  
  14  2:05  Refinery  
  14  2:07  Command Center  
  15  2:19  SCV  
  16  2:27  Barracks  
  16  2:37  SCV  
  17  2:49  SCV  
  18  3:37  SCV  
  19  3:42  Refinery  
  19  3:46  SCV  
  20  3:49  SCV  
  21  3:58  SCV  
  21  4:01  SCV  
  21  4:02  Supply Depot  
  23  4:10  Barracks, SCV  
  23  4:12  Barracks Tech Lab  
  23  4:13  SCV x2  
  26  4:23  SCV  
  27  4:25  Supply Depot, SCV x2  
  29  4:35  SCV  
  29  4:37  SCV x2  
  32  4:47  SCV  
  32  4:49  SCV x2  
  35  4:56  Supply Depot  
  35  4:59  SCV  
  36  5:01  SCV  
  36  5:02  SCV  
  38  5:11  SCV  
  38  5:14  Supply Depot  
  39  5:27  Supply Depot  
  39  5:34  Barracks Reactor  
  39  5:35  Combat Shields  
  39  5:40  SCV  
  40  5:46  Terran Infantry Weapons Level 1  
  40  5:50  SCV  
  40  5:52  SCV  
  40  5:53  SCV  
  43  6:02  SCV, Refinery  
  44  6:04  SCV  
  44  6:05  SCV  
  44  6:07  Refinery  
  44  6:10  Refinery  
  46  6:14  SCV  
  46  6:16  Factory  
  46  6:17  SCV x2  
  49  6:22  Missile Turret  
  49  6:27  Marine x2, SCV  
  49  6:28  Marine  
  49  6:29  SCV x2  
  55  6:39  SCV  
  56  6:40  Sensor Tower  
  56  6:41  SCV  
  56  6:45  Marine x3  
  60  6:51  SCV  
  60  6:53  SCV  
  62  7:03  Marine x3, SCV  
  62  7:06  SCV  
  67  7:15  SCV  
  68  7:17  Orbital Command  
  68  7:18  SCV  
  68  7:19  Factory Tech Lab  
  68  7:21  Marine x3  
  72  7:23  Factory  
  72  7:27  SCV  
  73  7:30  SCV  
  74  7:37  Missile Turret  
  74  7:39  Marine, Reaper x2  
  74  7:40  Terran Infantry Armor Level 1  
  77  7:56  Orbital Command  
  77  7:57  Reaper  
  78  7:58  Orbital Command  
  78  8:01  Missile Turret  
  78  8:07  Siege Tank  
  78  8:10  Factory Tech Lab  
  78  8:11  Reaper x2  
  83  8:16  Starport  
  83  8:29  Reaper  
  83  8:30  Missile Turret  
  84  8:39  Siege Tank  
  87  8:43  Reaper x2  
  89  8:49  Missile Turret  
  89  8:54  Starport  
  89  9:01  Reaper  
  89  9:02  Starport  
  90  9:12  Widow Mine  
  90  9:15  Marine  
  93  9:21  Supply Depot  
  93  9:27  Starport Reactor  
  93  9:34  Building Armor  
  93  9:42  Marine x2, Starport  
  93  9:43  Widow Mine  
  97  9:45  Missile Turret  
  97  9:48  Widow Mine  
  97  9:52  Starport Reactor  
  99  10:00  Marine  
  100  10:08  Starport Reactor  
  100  10:12  Widow Mine  
  100  10:14  Widow Mine  
  100  10:19  Reaper x2  
  100  10:20  Reaper  
  101  10:22  Starport Reactor  
  101  10:26  Armory  
  101  11:13  Supply Depot  
  101  11:15  Fusion Core  
  101  11:34  Reaper x2, Viking x2  
  101  11:35  Supply Depot, Terran Ship Weapons Level 1, Widow Mine  
  109  11:56  Reaper, Siege Tank, Viking  
  109  11:57  Widow Mine  
  117  12:16  Supply Depot  
  117  12:37  Viking x4  
  125  13:08  Supply Depot  
  125  13:22  Reaper  
  125  13:24  Widow Mine  
  125  13:29  Terran Vehicle And Ship Armor Level 1, Viking x5  
  125  13:31  Viking  
  133  13:35  Viking  
  133  13:45  Supply Depot  
  133  13:49  Supply Depot  
  133  14:06  Marine x3, Siege Tank, Viking  
  133  14:08  Supply Depot  
  141  14:10  Viking x4  
  141  14:12  Supply Depot  
  149  14:29  Marine, Viking x3  
  156  14:31  Supply Depot  
  156  14:35  Supply Depot  
  156  14:36  Viking  
  158  14:40  Viking x3  
  164  14:53  Widow Mine, Viking  
  164  14:57  Thor  
  164  14:58  Supply Depot  
  164  14:59  Terran Infantry Weapons Level 2, Viking x3  
  180  15:17  Marine  
  180  15:19  Marine x2, Viking x3  
  189  15:22  Supply Depot  
  189  15:23  Terran Vehicle Weapons Level 1  
  189  15:25  Missile Turret  
  189  15:43  Marine x2, Viking x3  
  189  15:46  Missile Turret  
  197  16:04  Viking  
  197  16:09  Viking  
  197  17:00  Supply Depot  
  197  17:15  Marine, Terran Infantry Armor Level 2  
  197  17:17  Terran Ship Weapons Level 2  
  197  17:21  Marine, Viking  
  200  17:23  Viking  
  200  17:39  Marine  
  200  17:42  Viking  
  199  17:44  Viking x4  
  199  17:46  Thor  
  200  17:59  Thor  
  178  18:12  Viking  
  166  18:14  Viking x2  
  118  18:29  Thor  
  124  18:42  Thor  
  124  18:45  Viking x3  
  124  18:46  Viking x5  
  146  18:58  Marine x2  
  146  18:59  Marine  
  149  19:12  Thor  
  149  19:15  Viking x3  
  149  19:16  Marine x3, Viking x5  
  173  19:25  Thor  
  179  19:33  Terran Vehicle Weapons Level 2  
  179  19:34  Marine x3  
  182  19:45  Viking x4  
  186  19:46  Viking x4  
  186  19:52  Marine x2  
  198  20:15  Viking  
  167  21:04  Viking  
  167  21:05  Viking x6  
  167  21:06  Viking  
  167  21:10  Thor  
  167  21:11  Thor  
  195  21:13  Marine  
  195  21:14  Marine x2  
  198  21:31  Marine x2  
  200  21:49  Terran Vehicle And Ship Armor Level 2  
  200  23:20  Terran Infantry Weapons Level 3  
  200  23:25  Missile Turret  
  199  24:05  Terran Vehicle Weapons Level 3  
  199  24:07  Missile Turret  
  192  24:10  Missile Turret  
  192  24:12  Missile Turret, Orbital Command  
  175  24:31  Refinery  
  175  24:37  Refinery  
  175  24:38  Missile Turret  
  175  24:39  Missile Turret  
  175  24:56  Hellion x2  
  175  24:57  Missile Turret  
  175  24:58  Marine x3, Missile Turret  
  178  25:16  Marine x3  
  178  25:17  Hellion x2  
  168  25:34  Marine x3  
  169  25:39  Hellion x2  
  170  25:51  Marine  
  170  25:52  Marine x2  
  165  25:57  Terran Infantry Armor Level 3  
  165  26:00  Hellion x2  
  127  26:21  Hellion  
  103  26:42  Terran Ship Weapons Level 3  
  103  26:43  Missile Turret  
  103  26:45  Missile Turret  
  95  26:49  Viking x3  
  95  26:50  Viking  
  95  26:52  Marine x3  
  106  26:57  Hellion  
  106  26:58  Hellion  
  110  27:06  Missile Turret  
  110  27:09  Marine  
  110  27:10  Marine x2  
  113  27:18  Hellion  
  113  27:20  Hellion  
  117  27:27  Marine x2  
  117  27:28  Marine  
  116  27:40  Hellion  
  116  27:41  Hellion  
  116  27:45  Marine x3  
  119  28:01  Hellion  
  119  28:03  Hellion, Marine x3  
  110  28:21  Marine x3  
  110  28:23  Hellion  
  107  28:34  Hi-Sec Auto Tracking  
  107  28:37  Hellion  
  107  28:39  Marine x3  
  112  28:44  Hellion  
  114  28:56  Marine  
  114  28:57  Marine x2  
  114  28:59  Hellion  
  119  29:05  Hellion  
  119  29:07  Starport  
  121  29:10  Starport  
  121  29:14  Marine x2  
  121  29:15  Marine  
  124  29:20  Hellion  
  126  29:27  Hellion  
  114  29:42  Hellion, Marine x2  
  114  29:43  Marine  
  119  29:48  Hellion  
  119  29:49  Viking x3  
  119  29:50  Viking  
  129  30:00  Marine x3  
  129  30:03  Hellion  
  129  30:04  Missile Turret  
  117  30:18  Marine x2  
  117  30:19  Viking x3  
  117  30:20  Viking  
  126  30:25  Missile Turret  
  126  30:49  Viking x3  
  132  30:50  Marine x3, Viking  
  132  30:55  Orbital Command  
  137  31:08  Marine  
  138  31:19  Viking  
Show
View Real Time Build Order
Export as new Build Order

ButterMyButt Protoss 

Build Orders:  

Get SALT Encoding   

  12  0:02  Probe  
  13  0:14  Probe (Chrono Boost)  
  14  0:24  Probe (Chrono Boost)  
  14  0:28  Pylon  
  15  0:33  Assimilator  
  15  0:46  Probe  
  16  0:58  Probe  
  16  1:03  Gateway  
  17  1:10  Pylon, Probe (Chrono Boost)  
  18  1:18  Assimilator  
  18  1:22  Probe (Chrono Boost)  
  19  1:30  Probe (Chrono Boost)  
  20  1:43  Nexus  
  20  1:58  Cybernetics Core  
  20  2:05  Pylon  
  20  2:27  Probe (Chrono Boost)  
  22  2:37  Probe (Chrono Boost)  
  22  2:44  Stargate  
  22  2:58  Stargate  
  22  3:06  Probe (Chrono Boost)  
  22  3:11  Assimilator  
  22  3:12  Assimilator  
  23  3:16  Probe (Chrono Boost)  
  24  3:21  Probe (Chrono Boost)  
  24  3:24  Pylon  
  25  3:32  Probe  
  26  3:34  Void Ray  
  30  3:44  Probe  
  31  3:56  Probe  
  31  3:57  Forge  
  32  4:05  Void Ray  
  32  4:08  Probe  
  37  4:11  Protoss Air Weapons Level 1  
  37  4:19  Void Ray  
  37  4:20  Probe  
  42  4:33  Probe (Chrono Boost)  
  43  4:43  Probe (Chrono Boost), Photon Cannon  
  44  4:48  Probe (Chrono Boost)  
  44  4:51  Protoss Shields Level 1  
  45  4:59  Probe  
  46  5:04  Void Ray  
  50  5:11  Probe  
  51  5:17  Void Ray  
  55  5:31  Pylon  
  55  5:49  Nexus  
  55  6:02  Void Ray  
  59  6:06  Protoss Air Armor Level 1  
  59  6:17  Twilight Council  
  59  6:21  Void Ray  
  63  6:45  Void Ray  
  67  6:56  Pylon  
  67  6:59  Pylon  
  67  7:02  Pylon  
  67  7:04  Void Ray  
  67  7:05  Probe (Chrono Boost)  
  73  7:16  Probe (Chrono Boost)  
  73  7:21  Probe (Chrono Boost)  
  74  7:25  Fleet Beacon  
  74  7:31  Probe  
  74  7:32  Void Ray  
  79  7:47  Assimilator  
  79  7:52  Pylon  
  79  7:53  Pylon  
  79  7:58  Void Ray  
  79  8:04  Protoss Air Weapons Level 2  
  79  8:05  Protoss Shields Level 2 (Chrono Boost)  
  83  8:23  Photon Cannon  
  83  8:33  Pylon  
  83  8:39  Void Ray  
  87  8:44  Void Ray  
  91  9:25  Void Ray  
  91  9:27  Void Ray  
  99  9:58  Protoss Shields Level 3 (Chrono Boost)  
  99  10:07  Void Ray  
  99  10:10  Void Ray  
  107  10:17  Protoss Air Armor Level 2 (Chrono Boost)  
  107  10:29  Pylon  
  107  10:34  Pylon  
  107  10:50  Void Ray  
  107  10:53  Void Ray  
  115  11:04  Pylon  
  115  11:33  Void Ray  
  115  11:34  Zealot  
  115  11:36  Void Ray  
  125  12:02  Zealot  
  127  12:22  Void Ray x2  
  135  12:26  Protoss Air Weapons Level 3  
  135  12:29  Zealot  
  137  12:56  Zealot  
  139  13:05  Void Ray x2  
  139  13:30  Assimilator  
  127  13:47  Void Ray  
  127  13:48  Void Ray  
  108  14:12  Photon Cannon  
  108  14:14  Photon Cannon  
  108  14:15  Photon Cannon  
  108  14:30  Void Ray  
  108  14:31  Void Ray  
  116  14:56  Pylon  
  116  14:57  Protoss Air Armor Level 3 (Chrono Boost), Pylon  
  116  15:13  Void Ray x2  
  96  15:56  Void Ray x2  
  88  16:31  Photon Cannon  
  85  16:33  Photon Cannon  
  85  16:39  Void Ray x2  
  92  17:07  Pylon  
  92  17:08  Pylon  
  92  17:19  Void Ray (Chrono Boost)  
  92  17:20  Void Ray (Chrono Boost)  
  100  17:52  Void Ray x2 (Chrono Boost)  
  108  18:08  Pylon  
  108  18:27  Void Ray x2  
  104  19:10  Void Ray x2  
  56  19:53  Void Ray (Chrono Boost)  
  56  19:54  Void Ray (Chrono Boost)  
  64  20:29  Void Ray x2 (Chrono Boost)  
  72  20:58  Void Ray (Chrono Boost)  
  72  21:00  Void Ray (Chrono Boost)  
  80  21:33  Void Ray x2 (Chrono Boost)  
  68  22:14  Void Ray x2  
  64  22:29  Zealot  
  66  22:56  Zealot  
  66  22:57  Void Ray x2  
  76  23:23  Zealot  
  78  23:36  Charge  
  78  23:40  Void Ray x2  
  86  23:51  Zealot  
  52  24:18  Zealot  
  52  24:23  Void Ray x2  
  62  24:36  Protoss Ground Weapons Level 1 (Chrono Boost)  
  62  24:45  Zealot (Chrono Boost)  
  64  24:55  Void Ray  
  64  24:56  Void Ray  
  72  25:09  Zealot (Chrono Boost)  
  74  25:29  Zealot  
  76  25:38  Void Ray x2  
  84  25:56  Zealot  
  86  26:16  Zealot  
  86  26:18  Void Ray x2 (Chrono Boost)  
  96  26:40  Zealot  
  98  26:54  Void Ray x2  
  106  27:07  Zealot  
  108  27:27  Void Ray  
  108  27:28  Void Ray  
  108  27:35  Zealot (Chrono Boost)  
  118  27:58  Zealot (Chrono Boost)  
  120  28:09  Void Ray  
  120  28:10  Void Ray  
  128  28:17  Zealot (Chrono Boost)  
  130  28:36  Zealot  
  132  28:48  Void Ray  
  136  29:03  Zealot (Chrono Boost)  
  138  29:24  Zealot (Chrono Boost)  
  140  29:47  Zealot  
  130  30:14  Zealot  
  128  30:41  Zealot  
  130  31:08  Zealot  
Show
View Real Time Build Order
Export as new Build Order

Jeyblock Terran 

Build Orders:  

Get SALT Encoding   

  12  0:03  SCV  
  13  0:15  SCV  
  14  0:24  Supply Depot  
  14  0:28  SCV  
  15  0:45  SCV  
  16  0:55  Barracks  
  16  1:01  SCV  
  17  1:13  SCV  
  18  1:25  SCV  
  18  1:31  Barracks  
  19  1:38  SCV  
  20  1:50  SCV  
  21  1:56  Command Center  
  21  2:01  Refinery  
  21  2:08  Refinery  
  21  2:18  Bunker  
  21  2:21  Marine  
  22  2:31  SCV  
  23  2:51  Supply Depot  
  23  3:08  Marine, SCV  
  25  3:20  Barracks Reactor, SCV  
  25  3:22  Supply Depot  
  25  3:25  Marine  
  27  3:32  SCV  
  28  3:39  Refinery  
  28  3:43  Marine  
  28  3:44  SCV  
  30  3:51  Refinery  
  30  3:53  Engineering Bay  
  30  4:00  Factory  
  30  4:01  Marine  
  31  4:03  Orbital Command  
  31  4:06  SCV  
  32  4:10  Marine x2  
  34  4:18  SCV  
  34  4:19  Marine  
  36  4:28  Marine x2  
  36  4:29  Sensor Tower  
  36  4:30  SCV  
  39  4:40  SCV  
  39  4:42  SCV  
  41  4:46  Marine x2  
  41  4:52  SCV  
  44  4:53  Factory  
  44  4:54  SCV, Factory Tech Lab  
  45  5:04  Marine x2  
  45  5:05  Starport  
  47  5:19  SCV  
  48  5:31  SCV  
  48  5:32  Widow Mine  
  51  5:43  SCV  
  51  5:44  SCV  
  53  5:54  Widow Mine  
  53  5:55  SCV  
  53  5:56  SCV  
  57  5:57  Supply Depot  
  57  6:00  Starport  
  57  6:02  Starport Tech Lab  
  57  6:05  Factory Tech Lab  
  57  6:07  SCV  
  57  6:08  SCV  
  59  6:15  Widow Mine  
  61  6:19  SCV  
  61  6:20  SCV  
  63  6:31  SCV  
  64  6:36  Widow Mine  
  66  6:51  Starport Tech Lab  
  66  6:58  Fusion Core, Widow Mine  
  68  7:07  Ghost Academy  
  68  7:15  Ghost Academy  
  68  7:19  Marine x2  
  70  7:29  Barracks Reactor  
  70  7:52  Supply Depot  
  70  7:54  Supply Depot  
  70  8:02  Supply Depot  
  70  8:11  Starport  
  70  8:14  Marine x2  
  72  8:20  Battlecruiser x2  
  84  8:31  Marine x2  
  86  8:35  Missile Turret  
  86  8:42  Marine  
  86  8:43  Marine  
  88  8:49  Marine x2  
  88  8:55  Missile Turret  
  90  9:00  Marine x2  
  92  9:17  Starport Tech Lab  
  92  9:27  Starport  
  92  9:34  Supply Depot  
  92  9:36  Supply Depot  
  92  9:38  Command Center  
  92  9:55  Battlecruiser  
  98  10:00  Supply Depot  
  97  10:25  Starport Tech Lab  
  97  10:27  Battlecruiser x2  
  109  10:38  Refinery  
  109  10:48  Marine  
  109  10:49  Marine  
  111  10:54  Cyclone  
  114  11:06  Marine x2  
  116  11:17  Refinery  
  116  11:23  Supply Depot  
  116  11:26  Battlecruiser, Cyclone  
  116  11:31  Supply Depot, Battlecruiser  
  131  11:39  Orbital Command  
  131  11:44  Battlecruiser  
  137  11:57  Battlecruiser  
  143  12:30  Battlecruiser  
  149  13:04  Battlecruiser  
  149  13:05  Battlecruiser  
  119  13:30  Battlecruiser  
  125  13:34  Battlecruiser  
  131  14:00  Widow Mine x2  
  135  14:09  Battlecruiser  
  141  14:11  SCV  
  142  14:21  Widow Mine x2  
  142  14:23  SCV  
  147  14:35  SCV  
  148  14:47  SCV  
  148  14:50  Supply Depot  
  149  14:55  Supply Depot  
  149  15:12  Battlecruiser, Widow Mine  
  157  15:17  SCV, Battlecruiser  
  164  15:34  Supply Depot  
  164  15:38  Supply Depot  
  164  15:56  Battlecruiser, Widow Mine  
  172  16:00  Battlecruiser, Widow Mine  
  180  16:45  Widow Mine  
  180  16:46  Widow Mine  
  176  17:07  Widow Mine  
  176  17:59  Battlecruiser  
  176  19:03  Battlecruiser x2  
  176  19:04  Battlecruiser x2  
  138  20:07  Battlecruiser x2  
  138  20:08  Battlecruiser  
  138  20:09  Battlecruiser  
  134  21:11  Battlecruiser  
  134  21:12  Battlecruiser  
  134  21:13  Battlecruiser  
  152  22:16  Battlecruiser  
  152  22:17  Battlecruiser  
  164  23:23  Command Center, Refinery  
  164  23:29  Refinery  
  164  23:35  Bunker  
  164  23:38  Bunker  
  164  23:44  Missile Turret  
  59  24:59  Battlecruiser x4  
  82  25:52  Missile Turret x2  
  82  25:54  Missile Turret  
  82  25:55  Missile Turret  
  82  25:58  Missile Turret  
  82  26:02  Command Center  
  82  26:03  Battlecruiser x3  
  100  26:07  Missile Turret  
  93  28:35  Battlecruiser  
  93  28:36  Battlecruiser x3  
  117  29:08  Marine x3  
  120  29:25  Marine  
  120  29:26  Marine x2  
  123  29:39  Medivac  
  123  29:40  Medivac, Viking x2  
  123  29:43  Marine  
  123  29:44  Marine x2  
  134  30:01  Marine x2  
  134  30:02  Marine  
  137  30:09  Viking  
  137  30:10  Viking x3  
  145  30:19  Marine  
  146  30:39  Viking x2  
  146  30:40  Viking x2  
Show
View Real Time Build Order
Export as new Build Order

Thierry Terran 

Build Orders:  

Get SALT Encoding   

  12  0:09  Supply Depot  
  12  0:37  Barracks  
  12  0:45  SCV  
  13  0:57  SCV  
  14  1:10  SCV  
  15  1:22  SCV  
  16  1:34  SCV  
  17  1:43  Barracks  
  17  1:47  Refinery  
  17  1:50  Refinery  
  17  2:01  Command Center  
  17  2:07  Engineering Bay  
  17  2:13  Engineering Bay  
  17  2:19  Orbital Command  
  17  2:38  Barracks Reactor  
  17  2:43  Barracks Reactor  
  17  3:01  Bunker  
  17  3:16  SCV  
  18  3:28  SCV  
  19  3:40  SCV  
  20  3:43  Factory  
  20  3:46  Planetary Fortress  
  20  3:52  SCV  
  21  4:34  SCV  
  22  4:46  SCV  
  23  4:58  SCV  
  24  5:09  Factory Tech Lab  
  24  5:10  SCV  
  25  5:34  Marine x3  
  25  5:35  Marine  
  29  5:40  SCV  
  30  5:45  Refinery  
  30  5:47  Refinery  
  30  5:52  Marine x4, SCV  
  35  6:04  SCV  
  35  6:10  Marine x4  
  40  6:16  SCV  
  41  6:28  Marine x4, SCV  
  41  6:32  Supply Depot  
  46  6:36  Supply Depot  
  46  6:37  Supply Depot x2  
  46  6:43  Barracks  
  46  6:53  Marine x4  
  46  6:54  SCV  
  51  7:06  SCV  
  52  7:11  Marine x4  
  52  7:14  Supply Depot  
  56  7:17  Armory  
  56  7:18  SCV  
  57  7:29  Marine x4  
  61  7:30  SCV  
  62  7:42  SCV  
  63  7:49  Combat Shields  
  63  7:52  Terran Infantry Weapons Level 1  
  63  7:53  Terran Infantry Armor Level 1  
  63  8:06  SCV  
  64  8:18  SCV  
  65  8:30  SCV  
  66  8:42  SCV  
  67  8:54  SCV  
  68  9:26  Barracks Reactor  
  68  9:34  Marine  
  68  9:35  Marine x3  
  72  9:52  Marine  
  72  9:53  Marine x3  
  76  10:09  Marine x2  
  76  10:10  Marine x4  
  82  10:20  Command Center  
  82  10:26  Marine  
  82  10:27  Marine  
  82  10:28  Marine x4, Terran Infantry Weapons Level 2  
  84  10:29  Terran Infantry Armor Level 2  
  88  10:38  Siege Tank  
  91  10:44  Marine  
  91  10:45  Marine  
  91  10:46  Marine x4  
  91  10:48  Refinery  
  97  10:52  Missile Turret, Refinery  
  97  11:01  Missile Turret  
  97  11:02  Marine x2  
  97  11:04  Marine x4  
  103  11:13  Missile Turret  
  103  11:14  Sensor Tower  
  103  11:20  Marine x2  
  103  11:21  Marine  
  103  11:22  Marine x3  
  109  11:32  Missile Turret  
  109  11:38  Marine x2  
  109  11:39  Marine x4  
  112  11:44  Planetary Fortress  
  115  11:51  Missile Turret  
  115  11:56  Marine x2  
  115  11:57  Marine x4  
  121  12:13  Marine  
  121  12:14  Marine  
  121  12:15  Marine x4  
  124  12:20  Supply Depot x2  
  127  12:25  SCV  
  128  12:31  Marine x2  
  128  12:33  Marine x4  
  134  12:37  SCV  
  135  12:44  Building Armor  
  135  12:45  Hi-Sec Auto Tracking  
  135  12:49  Marine x2  
  135  12:50  Marine, SCV  
  135  12:51  Marine x3  
  142  13:02  SCV  
  143  13:07  Marine x2  
  143  13:08  Marine x3  
  143  13:09  Marine  
  149  13:14  SCV  
  150  13:25  Marine x2  
  150  13:26  Marine x4, SCV  
  106  13:38  SCV  
  99  13:42  Marine, Neosteel Frame  
  99  13:43  Marine  
  98  13:50  SCV  
  91  13:59  Marine x4  
  91  14:00  Marine x2  
  72  14:13  SCV  
  73  14:17  Marine x4  
  73  14:18  Marine x2  
  79  14:25  SCV  
  80  14:35  Marine x4, Terran Infantry Weapons Level 3  
  80  14:36  Marine x2  
  80  14:37  SCV  
  87  14:41  Terran Ship Weapons Level 1  
  87  14:49  Starport  
  87  14:50  SCV  
  88  14:52  Marine  
  88  14:53  Marine x3  
  88  14:54  Marine x2  
  94  15:01  Terran Infantry Armor Level 3  
  94  15:10  Marine x2  
  94  15:11  Marine x3  
  94  15:12  Marine  
  100  15:28  Marine x4  
  100  15:29  Marine  
  100  15:30  Marine  
  106  15:46  Marine x4  
  106  15:47  Marine x2  
  77  16:04  Marine x4  
  74  16:05  Marine x2  
  74  16:22  Marine x4  
  74  16:23  Marine x2  
  80  16:26  Missile Turret x2  
  80  16:28  Missile Turret x2  
  80  16:29  Missile Turret, Starport Tech Lab  
  80  16:39  Marine  
  80  16:40  Marine x3  
  80  16:41  Marine x2  
  80  16:46  Missile Turret  
  86  16:56  Missile Turret  
  86  16:57  Marine x4, Missile Turret  
  86  16:58  Marine  
  86  16:59  Marine, Missile Turret  
  86  17:01  Missile Turret  
  92  17:02  Missile Turret x4  
  92  17:07  Missile Turret  
  92  17:15  Marine x4  
  93  17:16  Marine x2  
  93  17:22  Missile Turret  
  96  17:33  Marine x4  
  96  17:34  Marine x2  
  88  17:50  Medivac  
  88  18:02  Missile Turret  
  80  18:10  Missile Turret x2  
  79  18:32  Command Center  
  79  18:44  Sensor Tower  
  79  18:47  Marine x6  
  85  18:59  Command Center  
  85  19:04  Marine  
  85  19:05  Marine x5  
  91  19:14  Command Center  
  90  19:22  Marine x6  
  93  19:40  Marine x6  
  99  19:58  Marine x6  
  102  20:16  Marine x6  
  108  20:22  Command Center  
  108  20:33  Marine  
  108  20:34  Marine x5  
  100  20:54  Marine  
  100  20:55  Marine x5  
  106  21:12  Marine x5  
  106  21:13  Marine  
  112  21:29  Terran Ship Weapons Level 2  
  112  21:30  Marine x6  
  115  21:48  Marine x6  
  107  22:06  Marine x6  
  67  22:23  Marine  
  67  22:24  Marine x5  
  67  22:41  Marine x2  
  67  22:42  Marine x4  
  67  22:54  Barracks  
  67  22:58  Barracks  
  67  22:59  Marine x6  
  67  23:01  Barracks  
  73  23:08  Planetary Fortress  
  73  23:11  Missile Turret  
  73  23:15  Missile Turret  
  73  23:16  Refinery  
  73  23:18  Refinery  
  55  24:22  Marine x6  
  64  24:28  Barracks Reactor x3  
  61  24:40  Marine x6  
  67  24:58  Marine x6  
  73  25:04  Marine x5  
  73  25:05  Marine  
  79  25:11  Supply Depot  
  79  25:12  Supply Depot  
  79  25:16  Marine x6  
  85  25:22  Marine x6  
  85  25:25  Command Center  
  91  25:33  Marine  
  91  25:34  Marine x5  
  97  25:40  Marine x6  
  103  25:51  Marine x3  
  103  25:52  Marine x3  
  109  25:58  Marine x6  
  115  26:09  Marine x6  
  104  26:15  Marine  
  104  26:16  Marine x5  
  60  26:27  Marine x6  
  60  26:33  Marine x3  
  60  26:34  Marine x3  
  62  26:45  Marine x6  
  67  26:51  Marine x6  
  73  27:02  Marine  
  73  27:03  Marine x5  
  79  27:09  Marine x6  
  82  27:18  SCV  
  82  27:20  Marine  
  82  27:21  Marine x5  
  88  27:27  Marine x5  
  93  27:37  Fusion Core  
  93  27:41  Terran Ship Weapons Level 3  
  84  28:43  Battlecruiser  
  90  29:47  Battlecruiser  
Show
View Real Time Build Order
Export as new Build Order

Infamous Protoss 

Build Orders: 1 Gate Expand 

Get SALT Encoding   

  12  0:13  Probe  
  13  0:28  Pylon  
  13  0:33  Probe (Chrono Boost)  
  15  0:43  Probe (Chrono Boost)  
  15  0:47  Gateway  
  15  0:48  Probe (Chrono Boost)  
  15  0:51  Assimilator  
  16  1:01  Probe (Chrono Boost)  
  17  1:11  Probe (Chrono Boost)  
  18  1:16  Probe (Chrono Boost)  
  19  1:28  Probe  
  20  1:34  Nexus  
  20  1:40  Probe  
  21  1:54  Probe  
  21  1:55  Cybernetics Core  
  22  2:11  Probe, Gateway  
  22  2:14  Pylon  
  23  2:21  Assimilator  
  23  2:34  Warp Gate (Chrono Boost)  
  23  2:38  Stargate  
  23  2:44  Probe  
  23  2:48  Probe  
  25  2:57  Probe (Chrono Boost)  
  26  3:02  Stalker (Chrono Boost)  
  31  3:05  Probe (Chrono Boost)  
  31  3:08  Probe (Chrono Boost)  
  31  3:10  Stalker (Chrono Boost)  
  32  3:13  Probe (Chrono Boost)  
  32  3:15  Probe (Chrono Boost)  
  34  3:23  Probe  
  35  3:27  Void Ray (Chrono Boost)  
  35  3:31  Probe  
  40  3:41  Forge  
  40  3:42  Probe  
  40  3:44  Probe  
  42  3:58  Shield Battery  
  42  4:02  Pylon, Void Ray (Chrono Boost)  
  46  4:10  Pylon  
  46  4:17  Pylon  
  46  4:20  Probe x2  
  48  4:31  Assimilator  
  48  4:32  Probe x2  
  48  4:37  Protoss Air Weapons Level 1 (Chrono Boost)  
  48  4:38  Photon Cannon  
  50  4:39  Shield Battery  
  50  4:43  Photon Cannon  
  50  4:50  Probe x2  
  52  5:03  Probe x2, Nexus  
  52  5:05  Pylon  
  54  5:17  Fleet Beacon  
  54  5:21  Probe (Chrono Boost), Assimilator  
  55  5:30  Probe (Chrono Boost)  
  55  5:32  Probe (Chrono Boost), Void Ray  
  61  5:36  Stalker  
  61  5:41  Probe (Chrono Boost)  
  65  5:50  Probe (Chrono Boost)  
  65  5:55  Probe (Chrono Boost)  
  66  5:58  Probe  
  66  6:02  Pylon  
  67  6:04  Pylon  
  67  6:07  Probe, Assimilator  
  67  6:08  Stargate  
  67  6:10  Probe  
  69  6:12  Assimilator, Stargate  
  69  6:19  Probe  
  69  6:21  Probe  
  69  6:22  Probe  
  72  6:31  Probe  
  73  6:38  Void Ray  
  77  6:40  Protoss Air Armor Level 1 (Chrono Boost)  
  77  6:42  Probe (Chrono Boost)  
  80  6:48  Probe (Chrono Boost)  
  80  6:49  Probe (Chrono Boost), Stalker x2  
  84  6:59  Pylon  
  84  7:01  Pylon  
  84  7:02  Probe  
  84  7:03  Probe x2  
  87  7:08  Void Ray  
  87  7:11  Photon Cannon  
  87  7:14  Probe  
  87  7:15  Probe x2, Photon Cannon  
  90  7:16  Photon Cannon  
  90  7:20  Photon Cannon  
  94  7:28  Tempest  
  100  7:31  Anion Pulse-Crystals (Chrono Boost)  
  100  7:52  Void Ray  
  100  7:53  Void Ray  
  108  8:00  Stalker x2  
  112  8:19  Tempest  
  118  8:22  Graviton Catapult, Protoss Air Armor Level 2 (Chrono Boost)  
  118  8:36  Cybernetics Core  
  118  8:43  Probe x3  
  118  8:48  Photon Cannon  
  121  8:50  Pylon  
  121  8:53  Pylon  
  121  8:58  Photon Cannon, Shield Battery  
  121  9:00  Photon Cannon  
  122  9:02  Probe  
  122  9:03  Probe  
  122  9:04  Pylon  
  122  9:06  Carrier (Chrono Boost)  
  129  9:12  Carrier (Chrono Boost)  
  141  9:20  Carrier (Chrono Boost)  
  141  9:42  Protoss Air Weapons Level 2 (Chrono Boost)  
  141  9:53  Pylon  
  141  9:57  Pylon, Probe  
  142  10:01  Pylon  
  142  10:02  Photon Cannon  
  142  10:04  Photon Cannon  
  142  10:05  Photon Cannon  
  142  10:09  Photon Cannon  
  142  10:13  Photon Cannon  
  138  10:17  Photon Cannon  
  138  10:18  Carrier, Photon Cannon  
  144  10:25  Carrier  
  150  10:41  Carrier  
  156  10:46  Mothership  
  156  10:47  Probe x2  
  166  11:00  Protoss Air Armor Level 3 (Chrono Boost)  
  166  11:09  Twilight Council  
  166  11:44  Void Ray  
  170  11:56  Void Ray  
  162  12:07  Tempest  
  128  12:26  Void Ray  
  128  12:27  Stalker x2  
  122  12:38  Void Ray  
  126  12:50  Void Ray  
  130  12:57  Stargate  
  130  13:00  Stargate  
  130  13:09  Void Ray  
  134  13:13  Protoss Air Weapons Level 3 (Chrono Boost)  
  134  13:32  Void Ray  
  138  13:49  Void Ray  
  138  13:52  Void Ray  
  146  14:17  Void Ray x2  
  154  14:28  Void Ray  
  120  15:55  Void Ray x3 (Chrono Boost)  
  120  15:56  Void Ray x2 (Chrono Boost)  
  108  16:35  Void Ray x4 (Chrono Boost)  
  124  16:45  Void Ray (Chrono Boost)  
  128  17:10  Void Ray  
  132  17:29  Void Ray  
  80  18:31  Protoss Shields Level 1  
  80  19:24  Void Ray  
  80  19:25  Void Ray x4  
  100  20:33  Void Ray x3  
  112  21:07  Void Ray  
  116  22:22  Pylon  
  116  22:23  Pylon x2, Nexus  
  116  22:25  Pylon  
  116  22:31  Void Ray x3 (Chrono Boost)  
  116  22:32  Void Ray x2 (Chrono Boost)  
  136  23:03  Photon Cannon x2  
  136  23:04  Photon Cannon  
  136  23:05  Photon Cannon x2  
  136  23:06  Photon Cannon x2  
  136  23:07  Photon Cannon x2, Void Ray x3  
  136  23:08  Photon Cannon  
  136  23:11  Pylon  
  136  23:12  Pylon x2  
  148  23:18  Void Ray  
  152  23:42  Assimilator  
  152  23:47  Assimilator  
  102  25:15  Void Ray x2  
  70  25:35  Photon Cannon x2  
  53  26:47  Assimilator  
  53  26:57  Pylon  
  53  26:58  Pylon  
  53  27:03  Void Ray  
  57  27:12  Probe  
  58  27:28  Void Ray  
  62  27:51  Void Ray  
  65  28:07  Void Ray  
  65  28:10  Void Ray  
  73  28:26  Void Ray  
  77  28:49  Photon Cannon  
  77  28:51  Photon Cannon  
  69  29:37  Nexus  
  69  29:40  Pylon  
  69  29:43  Pylon  
  69  29:44  Void Ray x2  
  77  29:46  Pylon  
  77  29:48  Pylon  
  77  29:59  Void Ray  
  77  30:19  Void Ray  
  30  31:03  Photon Cannon x2  
  28  31:04  Photon Cannon  
  28  31:26  Photon Cannon  
  28  31:29  Photon Cannon  
Show
View Real Time Build Order
Export as new Build Order

Gyver Terran 

Build Orders:  

Get SALT Encoding   

  12  0:03  SCV  
  13  0:15  SCV  
  14  0:27  Supply Depot, SCV  
  15  0:35  Supply Depot  
  15  1:20  Barracks  
  15  1:21  Command Center  
  15  1:39  SCV  
  16  1:52  SCV  
  17  2:04  SCV  
  17  2:08  Marine  
  19  2:14  Refinery  
  19  2:16  SCV  
  20  2:25  Marine  
  20  2:28  SCV  
  22  2:36  Refinery  
  22  2:40  SCV  
  22  2:43  Marine  
  24  2:51  SCV  
  25  2:52  SCV  
  26  3:01  Marine  
  26  3:03  SCV  
  26  3:04  SCV  
  29  3:15  Supply Depot, SCV  
  29  3:16  Supply Depot, SCV  
  29  3:18  Supply Depot  
  31  3:27  SCV, Engineering Bay  
  31  3:28  SCV  
  33  3:39  SCV  
  33  3:40  SCV  
  35  3:51  SCV  
  35  3:53  SCV  
  37  3:59  Missile Turret  
  37  4:03  SCV  
  37  4:05  SCV  
  39  4:15  SCV  
  40  4:19  Missile Turret  
  40  4:21  Marine  
  41  4:31  Factory  
  41  4:37  Refinery  
  41  4:39  Marine, SCV x2, Refinery, Sensor Tower  
  44  4:51  SCV x2  
  46  4:56  Marine  
  47  5:03  SCV x2  
  47  5:04  Command Center  
  49  5:14  Marine  
  49  5:15  SCV x2  
  52  5:27  SCV x2  
  54  5:32  Marine  
  55  5:39  SCV x2  
  57  5:51  SCV x2  
  59  6:01  Starport  
  59  6:02  Starport  
  59  6:03  Starport, SCV  
  59  6:04  Starport x2, SCV  
  61  6:06  Starport  
  61  6:08  Starport  
  61  6:15  SCV  
  61  6:16  SCV  
  63  6:25  Supply Depot  
  63  6:27  Supply Depot x2  
  63  6:28  SCV x2  
  63  6:29  Supply Depot  
  63  6:31  Supply Depot  
  63  6:32  Supply Depot  
  65  6:36  Supply Depot  
  65  6:38  Supply Depot  
  65  6:45  Refinery  
  65  6:48  Armory  
  65  6:50  Starport Tech Lab x2  
  65  6:51  Supply Depot, Starport Tech Lab x2  
  65  6:53  Starport Tech Lab  
  65  6:56  Starport Tech Lab  
  65  6:57  Starport Tech Lab  
  65  7:08  Orbital Command x3  
  65  7:12  Refinery, Cloaking Field  
  65  7:17  Hyperflight Rotors  
  65  7:50  Banshee x4  
  65  7:51  Banshee x2  
  80  7:52  Banshee  
  86  8:21  Missile Turret  
  86  8:23  Missile Turret  
  86  8:24  Missile Turret  
  86  8:26  Missile Turret x2  
  86  8:32  Banshee  
  86  8:33  Banshee x2  
  95  9:39  Banshee x6  
  95  9:40  Banshee  
  116  9:55  Fusion Core  
  116  10:21  Banshee  
  116  10:22  Banshee x6  
  137  10:30  Supply Depot  
  137  10:31  Supply Depot  
  137  10:33  Supply Depot  
  137  10:35  Supply Depot  
  137  10:36  Supply Depot  
  137  10:37  Supply Depot  
  137  10:50  Missile Turret  
  137  10:51  Missile Turret x2  
  137  10:52  Missile Turret  
  137  10:54  Missile Turret  
  137  10:55  Missile Turret  
  137  10:57  Missile Turret  
  137  10:59  Missile Turret  
  137  11:04  Banshee x2  
  137  11:05  Banshee x2  
  149  11:13  Missile Turret  
  149  11:15  Missile Turret x3  
  149  11:16  Missile Turret  
  110  12:00  Viking  
  110  12:01  Viking x6  
  124  12:22  Missile Turret  
  124  12:27  Missile Turret  
  124  12:28  Missile Turret  
  124  12:29  Missile Turret x2  
  124  12:30  Viking  
  124  12:31  Viking x6  
  138  12:40  Command Center  
  137  12:44  Refinery  
  137  12:45  Refinery  
  133  12:54  Missile Turret  
  133  12:56  Missile Turret  
  119  13:00  Viking  
  119  13:01  Viking x3  
  123  13:19  Missile Turret  
  113  13:26  Viking x3  
  117  13:30  Viking x2  
  117  13:31  Viking  
  123  13:52  Missile Turret  
  123  14:10  Refinery  
  123  14:11  Missile Turret  
  123  14:14  Terran Ship Weapons Level 1  
  123  14:30  Missile Turret  
  123  14:36  Liberator x4  
  123  14:37  Liberator x3  
  123  14:50  Missile Turret  
  144  15:08  Missile Turret  
  144  15:18  Liberator  
  138  16:08  Terran Vehicle And Ship Armor Level 1  
  108  16:38  Viking x4  
  108  16:39  Viking x3  
  116  17:03  Missile Turret  
  116  17:08  Viking x4  
  118  17:09  Viking x3  
  130  17:23  Missile Turret  
  130  17:38  Viking x4  
  130  17:43  Missile Turret  
  138  18:03  Missile Turret  
  138  18:07  Sensor Tower  
  138  18:08  Sensor Tower  
  138  18:10  Sensor Tower  
  138  18:11  Sensor Tower  
  138  18:17  Missile Turret  
  138  18:19  Missile Turret  
  138  18:22  Missile Turret  
  138  18:28  Missile Turret  
  138  18:29  Missile Turret  
  138  18:30  Missile Turret  
  138  18:31  Missile Turret  
  138  18:49  Refinery  
  138  18:56  Orbital Command  
  131  19:13  Refinery  
  107  19:32  Viking x7  
  121  20:02  Viking  
  122  20:11  Hellion  
  124  20:33  Hellion  
  126  20:54  Hellion  
  128  21:03  Terran Ship Weapons Level 2  
  128  21:15  Hellion  
  75  21:37  Hellion  
  67  22:21  Battlecruiser x4  
  67  22:22  Battlecruiser x3  
  81  23:17  Missile Turret x2  
  81  23:19  Missile Turret, Terran Vehicle And Ship Armor Level 2  
  81  23:20  Missile Turret  
  81  23:21  Missile Turret  
  81  23:22  Missile Turret  
  81  23:24  Missile Turret  
  81  23:25  Missile Turret  
  81  23:29  Weapon Refit  
  81  23:32  Battlecruiser  
  87  23:39  SCV  
  88  23:51  SCV  
  89  24:37  Viking  
  89  24:38  Viking x6  
  103  25:07  Viking  
  79  26:26  Refinery  
  79  26:30  Viking x2  
  79  26:31  Viking x4  
  79  26:32  Viking  
  93  27:00  Viking x2  
  93  27:01  Viking x2  
  101  28:57  Battlecruiser  
  101  28:58  Battlecruiser  
Tags
 
Add a new tag
Caveats
  • Supply blocks, unpowered buildings, or Contaminate may cause inaccurate times.
  • Supply counts are checked every 10 seconds.